 Dungeon Crawl Stone Soup version 0.28-a0-21-gf74fda84f9 (webtiles) character file.

Game seed: 6818043820038048643

151 zezblit the Gusty (level 5, 0/38 HPs)
             Began as a Draconian Air Elementalist on July 26, 2021.
             Slain by an orc wizard (2 damage)
             ... on level 3 of the Dungeon.
             The game lasted 00:20:30 (3647 turns).

zezblit the Gusty (Draconian Air Elementalist)      Turns: 3647, Time: 00:20:31

Health: 0/38       AC:  6    Str: 11    XL:     5   Next: 11%
Magic:  1/9        EV: 12    Int: 16    God:
Gold:   139        SH:  0    Dex: 11    Spells: 5/9 levels left

rFire   . . .      SeeInvis .   b - +0 whip
rCold   . . .      Faith    .   (no shield)
rNeg    . . .      Spirit   .   (armour unavailable)
rPois   .          Reflect  .   (helmet restricted)
rElec   .          Harm     .   (no cloak)
rCorr   .          Rampage  .   (no gloves)
Will    .....                   g - +0 pair of boots
Stlth   ++........              (no amulet)
HPRegen 0.12/turn               (no ring)
MPRegen 0.11/turn               (no ring)

@: no status effects
A: AC +5, unfitting armour, cold-blooded
a: no special abilities


You were on level 3 of the Dungeon.
You visited 1 branch of the dungeon, and saw 4 of its levels.

You collected 139 gold pieces.

Inventory:

Hand Weapons
 b - a +0 whip (weapon)
Armour
 g - a +0 pair of boots (worn)
 j - a +0 kite shield
Jewellery
 f - an amulet of faith
Scrolls
 a - a scroll of enchant weapon {unknown}
 d - a scroll of blinking
Potions
 c - a potion of magic {unknown}
 h - a potion of lignification {unknown}


   Skills:
 + Level 0.2 Fighting
 + Level 0.3 Maces & Flails
 + Level 2.2 Dodging
 - Level 1.8 Stealth
 + Level 2.8 Spellcasting
 + Level 2.1 Conjurations
 * Level 4.5 Air Magic


You had 5 spell levels left.
You knew the following spells:

 Your Spells              Type           Power      Damage    Failure   Level
a - Shock                 Conj/Air       52%        1d6       4%          1
b - Swiftness             Air            16%        N/A       9%          3

Your spell library contained the following spells:

 Spells                   Type           Power      Damage    Failure   Level
 Static Discharge         Conj/Air       13%        N/A       8%          2
 Mephitic Cloud           Conj/Pois/Air  9%         N/A       22%         3
 Airstrike                Air            8%         N/A       28%         4
 Ignite Poison            Fire/Tmut/Pois 2%         N/A       50%         3
 Bolt of Magma            Conj/Fire/Erth 2%         4d4       98%         5


Dungeon Overview and Level Annotations

Branches:
Dungeon (4/15)
 Temple: D:4-7

Altars:

Shops:
D:1 =   D:3 (


Innate Abilities, Weirdness & Mutations

Your plain brown scales are hard. (AC +5)
You cannot fit into any form of body armour.
You are cold-blooded and may be slowed by cold attacks.


Message History

You hear some strange, mumbled words.
A puff of flame appears from out of thin air!
The puff of flame hits you.
You closely miss something. Something hits you but does no damage.
You barely miss something.
You hear some strange, mumbled words.
A puff of flame appears from out of thin air!
The puff of flame hits you!
You barely miss something. Something hits you.
Something hits you but does no damage.
Your magical contamination has completely faded away.
You closely miss something. You tail-slap something.
You hear some strange, mumbled words.
A puff of flame appears from out of thin air!
The puff of flame hits you!
You closely miss something.
You hear some strange, mumbled words.
A puff of flame appears from out of thin air!
The puff of flame hits you.
Aiming: Shock (safe; 4% risk of failure)
Press: ? - help, Q - select action, (/) - cycle Shift-Dir - straight line The zap hits something but does no damage.
Something hits you but does no damage.
You hit something.
Your tail-slap misses something.
Something hits you.
* * * LOW HITPOINT WARNING * * *
You hit something but do no damage. Something hits you but does no damage.
You miss something. Something completely misses you.
You miss something. Something hits you.
* * * LOW HITPOINT WARNING * * *
You don't have enough magic to cast this spell.
You miss something. Something hits you but does no damage.
As you read the scroll of fog, it crumbles to dust.
The scroll dissolves into smoke.
You hear some strange, mumbled words.
A puff of flame appears from out of thin air!
The puff of flame hits you.
* * * LOW HITPOINT WARNING * * *
There is a stone staircase leading down here.
Something hits you.
You die...

####.........# #.#.#### #.#
...).........# #§#§#..# #.#
#.##.........#####§#§#.##.#.#
####.#..........)§§§§§....#.#
..##.#############§#§######.#
#.##.#<# #####§#§§......#
[))..#.# #...§§##########
.['..#)#######.#{§§§.....#
#.#..[..........@..#####.#
..##.#.###.#####.#######.#
####...# #.# #.#.......#
#...# #.# #.#.####### #...#
#.# #.#.# #...###.### #.#.#
#.(........ ..#.# #.#.###.##
####.# #.#..##.# #....#


There were no monsters in sight!

Vanquished Creatures
  A hound (D:3)
  Robin (D:3)
  3 adders
  2 dart slugs
  7 orcs
  6 ball pythons
  6 bats
  3 endoplasms
  3 giant cockroaches
  13 goblins
  5 hobgoblins
  2 jackals (D:2)
  5 kobolds
  4 quokkas
  A frilled lizard (D:1)
  5 rats
67 creatures vanquished.

Notes
Turn   | Place    | Note
-------+----------+-------------------------------------------
     0 | D:1      | zezblit the Draconian Air Elementalist began the quest for
                  | the Orb.
     0 | D:1      | Reached XP level 1. HP: 14/14 MP: 3/3
   387 | D:1      | Reached XP level 2. HP: 20/20 MP: 1/5
  1121 | D:1      | Found Namyseal's Jewellery Shoppe.
  1130 | D:1      | Reached XP level 3. HP: 26/26 MP: 3/6
  1966 | D:2      | Found a faded altar of an unknown god.
  1998 | D:2      | Reached skill level 4 in Air Magic
  2120 | D:2      | Learned a level 3 spell: Swiftness
  2740 | D:3      | Reached XP level 4. HP: 33/33 MP: 0/7
  3269 | D:3      | Found Zufau's Weapon Shop.
  3500 | D:3      | Noticed Robin
  3504 | D:3      | Killed Robin
  3505 | D:3      | Reached XP level 5. HP: 36/38 MP: 2/9
  3641 | D:3      | HP: 1/38 [something/puff of flame (6)]
  3647 | D:3      | Slain by an orc wizard

Illustrated notes

Levels and vault maps discovered:
D:1:      lemuel_arrival_rhombus, layout_loops_ring, serial_shops,
          nicolae_shop_behind_doors
D:2:      layout_basic, hellmonk_ecumenical_altar_inner_sanctum, serial_curves,
          eino_curves_01, eino_curves_04, eino_curves_01, minmay_circle_x
D:3:      layout_basic, serial_shops, shop_fountains,
          kennysheep_generic_room_15, uniq_robin, uniq_jessica
D:4:      layout_rooms, mainiacjoe_overflow_catwalk_spiral,
          nicolae_shop_gadgets, uniq_sigmund

Skill      XL: |  1  2  3  4 |
---------------+-------------+-----
Dodging        | 2 |  2.2
Air Magic      | 4 |  4.5
Conjurations   | 2 |  2.1
Fighting       | |  0.2
Maces & Flails | |  0.3
Stealth        | |  1.8
Spellcasting   | |  2.8

Action                   |  1- 3 |  4- 6 || total
-------------------------+-------+-------++-------
Melee: Unarmed           |    12 |       ||    12
       Tailslap          |     5 |     9 ||    14
       Whip              |    24 |    42 ||    66
 Cast: Shock             |    84 |    57 ||   141
  Use: Scroll            |     4 |     1 ||     5
       Potion            |       |     1 ||     1
Armor: Skin              |    20 |    33 ||    53
Dodge: Dodged            |    44 |    31 ||    75

Table legend: (Time is in decaauts)
 A = Elapsed time spent in this place.
 B = Non-inter-level travel time spent in this place.
 C = Inter-level travel time spent in this place.
 D = Time resting spent in this place.
 E = Time spent auto-exploring this place.
 F = Levels seen in this place.
 G = Mean time per level.
                   A        B        C        D        E       F      G
               +--------+--------+--------+--------+--------+-----+--------+
         Total |   3665 |   3566 |     99 |   1238 |   1621 |   4 |  916.2 |
       Dungeon |   3665 |   3566 |     99 |   1238 |   1621 |   4 |  916.2 |
               +--------+--------+--------+--------+--------+-----+--------+

Top non-repeatable levels by time:
     D:1: 1798 daAuts
     D:2: 970 daAuts
     D:3: 877 daAuts
     D:4: 20 daAuts
